 Dungeon Crawl Stone Soup version 0.29-a0-304-gb34f9e133a (webtiles) character file.

Game seed: 12949400414825221263

324 Ajdolov the Covert (level 6, 0/35 HPs)
             Began as a Kobold Brigand on Mar 26, 2022.
             Splashed by a jelly's acid (5 damage)
             ... on level 4 of the Dungeon.
             The game lasted 00:04:01 (3648 turns).

Ajdolov the Covert (Kobold Brigand)                 Turns: 3648, Time: 00:04:01

Health: 0/35       AC: -3    Str:  9    XL:     6   Next: 77%
Magic:  6/6        EV: 14    Int: 12    God:
Gold:   201        SH:  0    Dex: 18    Spells: 5/5 levels left

rFire   . . .      SeeInvis .   a - +2 dagger
rCold   . . .      Faith    .   (no shield)
rNeg    . . .      Spirit   .   b - +0 robe
rPois   .          Reflect  .   (no helmet)
rElec   .          Harm     .   c - +0 cloak
rCorr   .          Rampage  .   n - +1 pair of gloves
Will    .....                   (no boots)
Stlth   +++++.....              (no amulet)
HPRegen 0.11/turn               (no ring)
MPRegen 0.10/turn               (no ring)

@: corroded
A: small, no large weapons, nightstalker 3
a: no special abilities


You were on level 4 of the Dungeon.
You visited 1 branch of the dungeon, and saw 6 of its levels.

You collected 201 gold pieces.

Inventory:

Hand Weapons
 a - a +2 dagger (weapon)
Missiles
 d - 15 poisoned darts (quivered)
 e - 2 curare-tipped darts
 r - 6 atropa-tipped darts
Armour
 b - a +0 robe (worn)
 c - a +0 cloak (worn)
 k - a +1 leather armour of cold resistance
 n - a +1 pair of gloves (worn)
Wands
 t - a wand of iceblast (13)
 v - a wand of polymorph (9)
Scrolls
 f - a scroll of torment {unknown}
 h - 3 scrolls of teleportation {unknown}
 j - 4 scrolls of identify {unknown}
 l - a scroll of fog {unknown}
 m - a scroll of amnesia {unknown}
 p - 2 scrolls of vulnerability {unknown}
 q - a scroll of enchant armour {unknown}
 u - a scroll of enchant weapon {unknown}
Potions
 g - 2 potions of heal wounds {unknown}
 i - a potion of flight {unknown}
 o - 3 potions of curing {unknown}
 s - a potion of magic {unknown}


   Skills:
 - Level 2.1 Fighting
 + Level 6.4 Short Blades
 - Level 2.1 Throwing
 - Level 1.2 Dodging
 + Level 8.4 Stealth


You had 5 spell levels left.
You didn't know any spells.
Your spell library contained the following spells:

 Spells                   Type           Power      Damage    Failure   Level
 Corpse Rot               Necr/Air       0%         N/A       45%         2
 Dispel Undead            Necr           0%         3d6       97%         4
 Death Channel            Necr           0%         N/A       100%        6


Dungeon Overview and Level Annotations

Branches:
Dungeon (6/15)
 Temple: D:4-7

Altars:

Shops:
D:1 (


Innate Abilities, Weirdness & Mutations

You are small and have problems with some larger weapons.
You are completely attuned to the shadows.


Message History

You skewer Ijyb like a kebab!!!
You kill Ijyb!
v - a wand of polymorph (9)
g - 2 sedimented sapphire potions (gained 1)
Things that are here:
a +0 club; a +4 ring mail of fire resistance
Okay, then.
There is an open door here.
You see here a quokka corpse.
A jelly comes into view.
The jelly quivers.
You hit the jelly. The acid corrodes you!
Your hands burn!
The jelly is moderately wounded.
The jelly attacks as you move away! The jelly barely misses you.
The jelly attacks as you move away! The jelly hits you but does no damage.
You hit the jelly.
Your hands burn!
The jelly is heavily wounded.
The jelly misses you.
You hit the jelly but do no damage. The acid corrodes you!
Your hands burn!
The jelly is heavily wounded.
The jelly hits you.
You are splashed with acid!
You hit the jelly.
Your hands burn!
You punch the jelly, but do no damage.
The jelly is heavily wounded.
You hit the jelly.
Your hands burn!
The jelly is severely wounded.
The jelly hits you.
You are splashed with acid!
* * * LOW HITPOINT WARNING * * *
You hit the jelly.
Your hands burn!
* * * LOW HITPOINT WARNING * * *
The jelly is severely wounded.
The jelly barely misses you.
You hit the jelly but do no damage.
Your hands burn!
* * * LOW HITPOINT WARNING * * *
The jelly is severely wounded.
Aiming: Iceblast
Press: ? - help, Shift-Dir - straight line, f - jelly
Aim: a jelly (severely wounded)
Okay, then.
You hit the jelly but do no damage.
Your hands burn!
You die...

#### #.# #.# #.# # #.# ##
##.## #.# .## ###...# #.#
## ..## ##...#.# #.##.##
...####......######.#...#
...'....†.......@J.......
...####...#########.#...#
..## ##..# #.##.## .##
##.# ... ## ## #.# #...#
# ####.# #....# #.####
### #.#


You could see a jelly.

Vanquished Creatures
  Sigmund (D:3)
  An iguana (D:6)
  Ijyb (D:4)
  2 adders (D:2)
  A shadow imp (D:3)
  An ufetubus (D:4)
  3 worms
  A dart slug (D:2)
  8 endoplasms
  A giant cockroach (D:3)
  5 goblins
  2 hobgoblins (D:1)
  6 jackals
  6 kobolds
  4 quokkas
  7 ball pythons
  6 bats
  3 frilled lizards
  12 rats
71 creatures vanquished.

Notes
Turn   | Place    | Note
-------+----------+-------------------------------------------
     0 | D:1      | Ajdolov the Kobold Brigand began the quest for the Orb.
     0 | D:1      | Reached XP level 1. HP: 12/12 MP: 1/1
   183 | D:1      | Reached XP level 2. HP: 17/17 MP: 2/2
   345 | D:1      | Found Wopp's Weapon Shop.
   601 | D:1      | Reached XP level 3. HP: 21/21 MP: 3/3
   619 | D:1      | Reached skill level 6 in Stealth
   778 | D:1      | Found a faded altar of an unknown god.
  1381 | D:2      | Reached XP level 4. HP: 26/26 MP: 4/4
  2340 | D:3      | Reached skill level 7 in Stealth
  2340 | D:3      | Reached XP level 5. HP: 30/30 MP: 5/5
  2394 | D:3      | Noticed Sigmund
  2407 | D:3      | Killed Sigmund
  2408 | D:3      | Reached skill level 8 in Stealth
  2408 | D:3      | Reached XP level 6. HP: 25/35 MP: 6/6
  3137 | D:3      | You fall into a shaft and drop 3 floors!
  3380 | D:5      | Entered Level 5 of the Dungeon
  3555 | D:4      | Noticed Ijyb
  3559 | D:4      | Killed Ijyb
  3648 | D:4      | Splashed by a jelly's acid

Illustrated notes

Levels and vault maps discovered:
D:1:      dpeg_arrival_circle_labyrinth_a, layout_basic, serial_shops,
          nicolae_shop_bloodbath_and_beyond, hellmonk_ecumenical_altar_blasted
D:2:      minmay_general_purpose_star, layout_basic
D:3:      layout_basic, minmay_tree_intersection, uniq_sigmund
D:4:      layout_loops_corners, minmay_temple_entry_stoned_glass, serial_shops,
          kennysheep_mini, uniq_ijyb
D:5:      layout_rooms, mainiacjoe_overflow_swirl,
          chequers_serial_rivers_micro_a
D:6:      layout_loops_cross, enter_ossuary_4, grunt_decor_resistance,
          nicolae_elemental_shop, moated_statue,
          amcnicky_mini_rare_corridor_liquid

Skill      XL: |  1  2  3  4  5 |
---------------+----------------+-----
Short Blades   | 3 4 6 |  6.4
Stealth        | 6 7 8 |  8.4
Fighting       | |  2.1
Throwing       | |  2.1
Dodging        | |  1.2

Action                   |  1- 3 |  4- 6 || total
-------------------------+-------+-------++-------
Melee: Dagger            |    71 |    97 ||   168
       Punch             |       |     3 ||     3
Throw: Dart              |       |     6 ||     6
 Stab: Sleeping          |    21 |    19 ||    40
Armor: Robe              |    12 |     6 ||    18
       Leather armour    |       |    13 ||    13
Dodge: Dodged            |    28 |    47 ||    75

Table legend: (Time is in decaauts)
 A = Elapsed time spent in this place.
 B = Non-inter-level travel time spent in this place.
 C = Inter-level travel time spent in this place.
 D = Time resting spent in this place.
 E = Time spent auto-exploring this place.
 F = Levels seen in this place.
 G = Mean time per level.
                   A        B        C        D        E       F      G
               +--------+--------+--------+--------+--------+-----+--------+
         Total |   3608 |   3474 |    134 |      0 |   2902 |   6 |  601.3 |
       Dungeon |   3608 |   3474 |    134 |      0 |   2902 |   6 |  601.3 |
               +--------+--------+--------+--------+--------+-----+--------+

Top non-repeatable levels by time:
     D:2: 1053 daAuts
     D:1: 1035 daAuts
     D:3: 1016 daAuts
     D:6: 239 daAuts
     D:4: 236 daAuts
     D:5: 27 daAuts
